 Dungeon Crawl Stone Soup version 0.32-a0-516-g94ed278cf8 (webtiles) character file.

Game seed: 8178918251908598835

210 Essalna the Digger (level 5, -1/28 HPs)
             Began as a Gargoyle Earth Elementalist on Feb 27, 2024.
             Killed by divine providence
             ... invoked by an orc priest
              (11 damage)
             ... on level 3 of the Dungeon.
             The game lasted 00:04:52 (2280 turns).

Essalna the Digger (Gargoyle Earth Elementalist)    Turns: 2280, Time: 00:04:53

Health: -1/28      AC:  6    Str: 11    XL:     5   Next: 87%
Magic:  5/10       EV: 11    Int: 18    God:
Gold:   118        SH:  0    Dex: 10    Spells: 7/11 levels left

rFire   . . .        j - +1 spear (heavy)
rCold   + . .        (no shield)
rNeg    + . .        a - +0 robe
rPois   ∞            (no helmet)
rElec   +            (no cloak)
rCorr   .            (no gloves)
SInv    .            (no boots)
Will    .....        (no amulet)
Stlth   ++           e - ring of protection from cold
HPRegen 0.24/turn    (no ring)
MPRegen 0.12/turn

%: no passive effects
@: no status effects
A: sickness immunity, AC +4, negative energy resistance 1, electricity
resistance, torment resistance 1, petrification resistance
a: Convert to Beogh


You were on level 3 of the Dungeon.
You visited 1 branch of the dungeon, and saw 3 of its levels.

You collected 118 gold pieces.

Inventory:

Hand Weapons
 c - a +0 dagger
 j - a +1 heavy spear (weapon)
Armour
 a - a +0 robe (worn)
Jewellery
 e - a ring of protection from cold (left hand)
Wands
 s - a wand of paralysis (9)
Scrolls
 g - a scroll of amnesia {unknown}
 h - 5 scrolls of identify {unknown}
 i - a scroll of enchant weapon
 k - a scroll of fear
 l - a scroll of revelation {unknown}
 n - a scroll of immolation {unknown}
 o - a scroll of brand weapon {unknown}
 r - a scroll of poison {unknown}
Potions
 b - 2 potions of magic
 f - 4 potions of curing {unknown}
 m - a potion of brilliance {unknown}
 p - a potion of attraction {unknown}
 q - a potion of degeneration {unknown}
 t - a potion of haste {unknown}
 u - a potion of cancellation {unknown}


   Skills:
 - Level 1.5 Dodging
 - Level 2.1 Stealth
 + Level 3.5 Spellcasting
 + Level 3.5 Conjurations
 + Level 5.2 Earth Magic


You had 7 spell levels left.
You knew the following spells:

 Your Spells              Type           Power      Damage    Failure   Level
a - Sandblast             Erth           44%        2d11      1%          1
b - Stone Arrow           Conj/Erth      38%        3d9       8%          3

Your spell library contained the following spells:

 Spells                   Type           Power      Damage    Failure   Level
 Passwall                 Erth           22%        N/A       5%          3
 Shock                    Conj/Air       36%        1d5       8%          1
 Ensorcelled Hibernation  Hex/Ice        6%         N/A       24%         2
 Brom's Barrelling Bould  Conj/Erth      19%        2d4       26%         4
 Call Canine Familiar     Summ           3%         N/A       43%         3
 Sigil of Binding         Hex            3%         N/A       43%         3
 Swiftness                Air            3%         N/A       43%         3
 Petrify                  Alch/Erth      12%        N/A       45%         4
 Airstrike                Air            1%         2d(1-17)  83%         4
 Dimensional Bullseye     Hex/Tloc       1%         N/A       83%         4


Dungeon Overview and Level Annotations

Branches:
Dungeon (3/15)

Altars:


Innate Abilities, Weirdness & Mutations

You are immune to sickness and miasma.
Your stone body is resilient. (AC +4)
You are immune to poison.
You resist negative energy. (rN+)
You are resistant to electric shocks. (rElec)
You are resistant to unholy torment.
You are immune to petrification.


Message History

The blast of sand hits the orc priest.
The orc priest is moderately wounded.
The orc priest invokes the aid of Beogh against you.
Pain shoots through your body!
Casting: Sandblast (safe; 1% risk of failure)
Confirm with . or Enter, or press ? or * to list all spells.
Aiming: Sandblast (safe; 1% risk of failure)
Press: ? - help, Shift-Dir - straight line, f/p - orc priest
Aim: an orc priest, wielding a +0 club and wearing a +0 scale mail (moderately wounded, 85% to hit)
The blast of sand hits the orc priest.
The orc priest is heavily wounded.
Casting: Sandblast (safe; 1% risk of failure)
Confirm with . or Enter, or press ? or * to list all spells.
Aiming: Sandblast (safe; 1% risk of failure)
Press: ? - help, Shift-Dir - straight line, f/p - orc priest
Aim: an orc priest, wielding a +0 club and wearing a +0 scale mail (heavily wounded, 85% to hit)
The blast of sand hits the orc priest but does no damage.
The orc priest is heavily wounded.
The orc priest hits you with a +0 club.
The orc priest shouts, "The Pantheon deserves no one's loyalty.
Let us show you the true path!" The orc priest barely misses you.
Casting: Sandblast (safe; 1% risk of failure)
Confirm with . or Enter, or press ? or * to list all spells.
Aiming: Sandblast (safe; 1% risk of failure)
Press: ? - help, Shift-Dir - straight line, f/p - orc priest
Aim: an orc priest, wielding a +0 club and wearing a +0 scale mail (heavily wounded, 85% to hit)
The blast of sand hits the orc priest but does no damage.
The orc priest is heavily wounded.
The orc priest hits you but does no damage.
Casting: Sandblast (safe; 1% risk of failure)
Confirm with . or Enter, or press ? or * to list all spells.
Aiming: Sandblast (safe; 1% risk of failure)
Press: ? - help, Shift-Dir - straight line, f/p - orc priest
Aim: an orc priest, wielding a +0 club and wearing a +0 scale mail (heavily wounded, 85% to hit)
The blast of sand hits the orc priest.
The orc priest is almost dead.
The orc priest shouts, "Surrender to Beogh and we'll let you live!"
The orc priest invokes the aid of Beogh against you.
Beogh smites you!
You die...

#..# #.#. ##
###.## #.#.
.. #...#
#.#. #.
###.### #.#.
######.
#...# #.#.
.......
#)### #.#.
......!###)#
#.#.
.......#.).#
#.#.
......o@.###
#.#.
.......)##
#.#.
........#
#.##
.......##
#.# ####'#.
#.# #... #.#
...# #.##
#... #...
##### ####


You could see an orc priest.

Vanquished Creatures
  An orc priest (D:3)
  An iguana (D:3)
  A hound zombie (D:2)
  3 gnolls (D:2)
  5 adders
  2 dart slugs (D:1)
  6 orcs (D:3)
  3 endoplasms (D:3)
  5 giant cockroaches
  4 goblins
  4 hobgoblins
  2 quokkas
  4 ball pythons
  6 bats
  A frilled lizard (D:2)
  A jackal zombie (D:2)
  5 kobolds
  A quokka zombie (D:2)
  8 rats
63 creatures vanquished.

Notes
Turn   | Place    | Note
-------+----------+-------------------------------------------
     0 | D:1      | Essalna the Gargoyle Earth Elementalist began the quest for
                  | the Orb.
     0 | D:1      | Reached XP level 1. HP: 10/10 MP: 3/3
    37 | D:1      | Reached XP level 2. HP: 12/15 MP: 0/5
   333 | D:1      | Reached skill level 4 in Earth Magic
   594 | D:2      | Found a faded altar of an unknown god.
   597 | D:2      | Reached XP level 3. HP: 19/19 MP: 4/6
   768 | D:2      | Reached XP level 4. HP: 24/24 MP: 6/8
   794 | D:2      | Learned a level 3 spell: Stone Arrow
  1198 | D:2      | Reached XP level 5. HP: 28/28 MP: 7/9
  1248 | D:2      | You fall into a shaft and drop 1 floor!
  1902 | D:3      | Reached skill level 5 in Earth Magic
  2280 | D:3      | Killed from afar by an orc priest

Illustrated notes

Levels and vault maps discovered:
D:1:      scummos_arrival_simple_fountains, layout_rooms, minmay_pentomino_p4
D:2:      layout_rooms, nicolae_ecumenical_pavilion, serial_undead,
          serial_undead_a, serial_undead_d, serial_undead_f, serial_undead_f
D:3:      layout_basic, nicolae_tso_swordbearing_angel

Skill      XL: |  1  2  3  4  5 |
---------------+----------------+-----
Earth Magic    | 4 5 |  5.2
Conjurations   | 2 3 |  3.5
Spellcasting   | 3 |  3.5
Dodging        | |  1.5
Stealth        | |  2.1

Action                     |  1- 3 |  4- 6 || total
---------------------------+-------+-------++-------
  Melee: Unarmed           |    10 |       ||    10
         Spear             |       |     7 ||     7
   Cast: Sandblast         |    31 |    66 ||    97
    Use: Scroll            |       |     3 ||     3
 Armour: Robe              |     8 |    16 ||    24
  Dodge: Dodged            |     9 |    14 ||    23

Table legend: (Time is in decaauts)
 A = Elapsed time spent in this place.
 B = Non-inter-level travel time spent in this place.
 C = Inter-level travel time spent in this place.
 D = Time resting spent in this place.
 E = Time spent auto-exploring this place.
 F = Levels seen in this place.
 G = Mean time per level.
                   A        B        C        D        E       F      G
               +--------+--------+--------+--------+--------+-----+--------+
         Total |   2333 |   2285 |     48 |     76 |   1793 |   3 |  777.7 |
       Dungeon |   2333 |   2285 |     48 |     76 |   1793 |   3 |  777.7 |
               +--------+--------+--------+--------+--------+-----+--------+

Top non-repeatable levels by time:
     D:3: 885 daAuts
     D:2: 812 daAuts
     D:1: 635 daAuts
